 Dungeon Crawl Stone Soup version 0.29.1-1-gd02db6906a (webtiles) character file.

Game seed: 9071792001752565

2342 smilodon the Ruffian (level 9, -1/83 HPs)
             Began as a Troll Fighter on Sept 19, 2022.
             Was a Follower of Okawaru.
             Slain by a four-headed hydra (12 damage)
             ... on level 7 of the Dungeon.
             The game lasted 00:13:21 (5449 turns).

smilodon the Ruffian (Troll Fighter)                Turns: 5449, Time: 00:13:22

Health: -1/83      AC:  5    Str: 29 (32) XL:     9   Next: 20%
Magic:  9/9        EV: 11    Int:  2 (4)  God:    Okawaru [*.....]
Gold:   84         SH:  0    Dex: 13      Spells: 8/8 levels left

rFire   + . .      SeeInvis +   j - +0 giant club
rCold   x . .      Faith    .   (shield currently unavailable)
rNeg    . . .      Spirit   .   a - +1 robe
rPois   +          Reflect  .   (helmet restricted)
rElec   .          Harm     .   o - scarf {+Inv}
rCorr   .          Rampage  .   (gloves unavailable)
Will    .....                   (boots unavailable)
Stlth   ++........              (no amulet)
HPRegen 1.03/turn               f - ring of fire
MPRegen 0.11/turn               m - ring "Matul" {rPois Str+6 SInv Stlth+}

@: mighty
A: large, unfitting armour, claws 3, regeneration 1, shaggy fur 1, tough skin 1
a: Renounce Religion, Evoke Invisibility, Heroism


You were on level 7 of the Dungeon.
You worshipped Okawaru.
Okawaru was aware of your devotion.
You visited 2 branches of the dungeon, and saw 8 of its levels.
You also visited: Sewer.

You collected 272 gold pieces.
You spent 188 gold pieces at shops.

Inventory:

Hand Weapons
 j - a +0 giant club (weapon)
Missiles
 h - 3 boomerangs (quivered)
 k - 4 javelins
 s - 5 throwing nets
Armour
 a - a +1 robe (worn)
 o - a scarf of invisibility (worn)
 G - a +0 cloak
Jewellery
 f - a ring of fire (left claw)
 l - a ring of wizardry
 m - the ring "Matul" (right claw) {rPois Str+6 SInv Stlth+}
   (You found it on level 2 of the Dungeon)

   [ring of strength]

   Str:       It affects your strength (+6).
   rPois:     It protects you from poison.
   SInv:      It lets you see invisible.
   Stlth:     It makes you more stealthy.
 y - a ring of wizardry
Wands
 u - a wand of mindburst (23)
 v - a wand of polymorph (8)
 F - a wand of digging (8)
 H - a wand of paralysis (1)
Scrolls
 b - a scroll of amnesia {unknown}
 d - 5 scrolls of teleportation
 n - a scroll of immolation
 p - a scroll of poison
 q - a scroll of vulnerability
 r - a scroll of enchant weapon
 t - a scroll of silence
 w - a scroll of summoning
 J - a scroll of enchant armour
Potions
 c - a potion of mutation
 e - 3 potions of curing
 g - 2 potions of brilliance
 i - 2 potions of flight
 E - a potion of haste
Miscellaneous
 C - a condenser vane (inert)


   Skills:
 - Level 3.5 Fighting
 + Level 2.5 Maces & Flails
 - Level 2.0 Armour
 - Level 5.3 Dodging
 - Level 3.9 Shields
 - Level 6.5 Unarmed Combat
 - Level 2.1 Invocations
 - Level 4.3 Evocations


You had 8 spell levels left.
You didn't know any spells.
Your spell library contained the following spells:

 Spells                   Type           Power      Damage    Failure   Level
 Conjure Flame            Conj/Fire      0%         6-21      89%         3
 Inner Flame              Hex/Fire       0%         N/A       89%         3
 Leda's Liquefaction      Hex/Erth       0%         N/A       100%        4
 Fireball                 Conj/Fire      0%         3d3       100%        5
 Lee's Rapid Deconstruct  Erth           0%         3d5*      100%        5
 Statue Form              Tmut/Erth      0%         N/A       100%        6
 Summon Guardian Golem    Hex/Summ       Unusable   N/A       N/A         3

Dungeon Overview and Level Annotations

Branches:
Dungeon (7/15)             Temple (1/1) D:5           Sewer (visited)

Altars:
Ashenzari
Cheibriados
Dithmenos
Elyvilon
Fedhas
Hepliaklqana
Kikubaaqudgha
Makhleb
Nemelex Xobeh
Okawaru
Qazlal
Ru
Sif Muna
Uskayaw
Vehumet
Wu Jian
Xom
Zin
The Shining One

Shops:
D:2 *   D:4 *   D:5 =

Annotations:
Temple 2 transporters


Innate Abilities, Weirdness & Mutations

You are too large for most types of armour.
You have claws for hands.
Your natural rate of healing is unusually fast.
You are covered in fur. (AC +1)
You have tough skin. (AC +1)


Message History

Okawaru accepts your kill.
Things that are here:
a +0 whip; a +0 spear You start resting.
Your extra speed is starting to run out.
You start resting.
You feel yourself slow down.
You start resting.
HP restored.
You hear the steady creaking of a very distant portcullis.
You see here a +0 whip.
Items here: )) [ ††.
Items here: )) ††.
s - 5 throwing nets (gained 1)
You feel a little less mighty now.
u - a wand of mindburst (23)
You feel very mighty all of a sudden.
The four-headed hydra roars!
You sock the four-headed hydra!
The four-headed hydra is moderately wounded.
The four-headed hydra bites you! x2
The four-headed hydra barely misses you.
The four-headed hydra bites you.
You sock the four-headed hydra!
The four-headed hydra is heavily wounded.
The four-headed hydra bites you but does no damage. x3
The four-headed hydra closely misses you.
The four-headed hydra bites you. x4
You barely miss the four-headed hydra.
The four-headed hydra is moderately wounded.
The four-headed hydra bites you! x3
* * * LOW HITPOINT WARNING * * *
The four-headed hydra bites you!
* * * LOW HITPOINT WARNING * * *
Okay, then.
Okay, then.
You hear the quick creaking of a distant portcullis.
The four-headed hydra attacks as you move away!
The four-headed hydra bites you!
You die...

.....#.#
#.#
.##..#.#
#.# ..
...#.#
#.# ..
#..#.#
#.# ...
#.# #.#
#.#
#.######
#.@D...#
######.#
.. ##


You could see a four-headed hydra.

Vanquished Creatures
  Sigmund (D:4)
  2 sky beasts
  A black bear (D:5)
  An orc warrior (D:6)
  An ogre (D:4)
  A centaur (D:7)
  A phantom (D:6)
  2 kobold brigands
  2 necrophages
  2 bullfrogs
  A scorpion (D:6)
  4 wights (D:6)
  A gnoll bouda (D:7)
  3 hounds
  4 orc priests (D:4)
  A jelly (D:6)
  Jessica (D:3)
  Terence (D:3)
  3 iguanas
  6 orc wizards
  12 gnolls
  9 adders
  A white imp (D:5)
  An ufetubus (D:5)
  The ghost of Powertoast the Sneak, a weakling NaDe (D:5)
  3 dart slugs
  22 orcs
  12 ball pythons
  11 endoplasms
  25 giant cockroaches
  5 hobgoblins
  4 jackals (D:1)
  7 kobolds
  13 quokkas
  4 bats
  12 frilled lizards
  5 goblins
  4 rats
190 creatures vanquished.

Notes
Turn   | Place    | Note
-------+----------+-------------------------------------------
     0 | D:1      | smilodon the Troll Fighter began the quest for the Orb.
     0 | D:1      | Reached XP level 1. HP: 22/22 MP: 0/0
   254 | D:1      | Reached XP level 2. HP: 29/29 MP: 1/1
   775 | D:2      | Found a faded altar of an unknown god.
   913 | D:2      | Reached XP level 3. HP: 31/36 MP: 2/2
  1015 | D:2      | Found Bozui's General Store.
  1193 | D:2      | Identified the ring "Matul" {rPois Str+6 SInv Stlth+}
  1529 | D:2      | Reached skill level 3 in Unarmed Combat
  1529 | D:2      | Reached XP level 4. HP: 44/44 MP: 3/3
  1696 | D:3      | Noticed Jessica
  1701 | D:3      | Killed Jessica
  1800 | D:3      | Noticed a necrophage
  1801 | D:3      | Found a sparkling altar of Nemelex Xobeh.
  1820 | D:3      | Noticed Terence
  1827 | D:3      | Killed a necrophage
  1828 | D:3      | Reached skill level 1 in Evocations
  1828 | D:3      | Reached XP level 5. HP: 50/50 MP: 4/4
  1831 | D:3      | Killed Terence
  2214 | D:4      | Noticed an ogre
  2221 | D:4      | Killed an ogre
  2222 | D:4      | Reached skill level 4 in Unarmed Combat
  2222 | D:4      | Reached XP level 6. HP: 58/59 MP: 5/5
  2248 | D:4      | Noticed Sigmund
  2253 | D:4      | Killed Sigmund
  2273 | D:4      | Reached XP level 7. HP: 57/66 MP: 6/6
  2453 | D:4      | Found Wufriduc's General Store.
  2475 | D:4      | Bought a scroll of summoning for 123 gold pieces
  2475 | D:4      | Bought a potion of heal wounds for 65 gold pieces
  2499 | D:4      | Reached skill level 5 in Unarmed Combat
  2832 | D:5      | Entered Level 5 of the Dungeon
  2873 | D:5      | Found a sacrificial altar of Ru.
  2924 | D:5      | Found Werpho Onam's Jewellery Shop.
  2985 | D:5      | Reached skill level 5 in Dodging
  3010 | D:5      | Reached XP level 8. HP: 50/73 MP: 7/7
  3064 | D:5      | Found a staircase to the Ecumenical Temple.
  3188 | D:5      | Found a runed translucent gate.
  3190 | D:5      | Found a glowing drain.
  3210 | Sewer    | Entered a sewer
  3454 | Sewer    | Reached skill level 6 in Unarmed Combat
  3535 | Temple   | Entered the Ecumenical Temple
  3535 | Temple   | Found a transporter.
  3535 | Temple   | Found a transporter.
  3537 | Temple   | Found a transporter.
  3537 | Temple   | Found a transporter.
  3552 | Temple   | Became a worshipper of Warmaster Okawaru
  3614 | D:5      | Found a runed translucent gate.
  3616 | D:5      | Found a runed translucent gate.
  3616 | D:5      | Noticed Powertoast's ghost (weakling NaDe)
  4135 | D:5      | Killed Powertoast's ghost
  4332 | D:6      | Reached skill level 1 in Armour
  4332 | D:6      | Reached skill level 1 in Invocations
  4599 | D:6      | Reached * piety under Okawaru
  4609 | D:6      | Reached XP level 9. HP: 77/83 MP: 9/9
  4855 | D:6      | Got the Almanac of Calefaction and Enchantment
  5062 | D:7      | Noticed a four-headed hydra
  5072 | D:7      | HP: 1/83 [four-headed hydra (14)]
  5257 | D:7      | Reached skill level 1 in Maces & Flails
  5329 | D:7      | HP: 2/83 [centaur/arrow (6)]
  5449 | D:7      | Slain by a four-headed hydra

Illustrated notes

Levels and vault maps discovered:
D:1:      minmay_arrival_diagonal_passages, layout_loops_corners
D:2:      minmay_roachtagon, layout_basic, serial_shops,
          nicolae_shop_window_shopping,
          hellmonk_ecumenical_altar_pennies_from_heaven
D:3:      layout_rooms, mainiacjoe_overflow_concentric_impassable, uniq_terence,
          uniq_jessica
D:4:      layout_cave_pools, serial_shops, shop, uniq_sigmund
D:5:      layout_basic, mainiacjoe_overflow_surrounded_room,
          minmay_temple_entry_mist, serial_shops, nicolae_stop_n_shop_2,
          gup_sewer_entry_glass, gammafunk_ghost_nasty_kobolds
D:6:      layout_loops_ring
D:7:      layout_basic, enter_bailey_6, hangedman_decor_diamond_cutter
Temple:   hellmonk_temple_divided_pantheon

Skill      XL: |  1  2  3  4  5  6  7  8  9 |
---------------+----------------------------+-----
Shields        | 3 |  3.9
Dodging        | 3 4 5 |  5.3
Unarmed Combat | 3 4 5 6 |  6.5
Evocations     | 1 2 3 4 |  4.3
Fighting       | 3 |  3.5
Armour         | 1 2 |  2.0
Invocations    | 2 |  2.1
Maces & Flails | 2 |  2.5

Action                   |  1- 3 |  4- 6 |  7- 9 || total
-------------------------+-------+-------+-------++-------
Melee: Unarmed           |   102 |    62 |   339 ||   503
       Giant club        |       |       |    31 ||    31
Throw: Boomerang         |       |    10 |       ||    10
Invok: Heroism           |       |       |     1 ||     1
Evoke: Condenser vane    |       |       |     1 ||     1
  Use: Potion            |       |     2 |    11 ||    13
       Scroll            |       |     8 |     7 ||    15
 Stab: Sleeping          |     3 |     1 |    11 ||    15
Armor: Robe              |    36 |    11 |   110 ||   157
Dodge: Dodged            |    25 |    26 |   186 ||   237
Block: Kite shield       |    33 |    24 |   104 ||   161
